 Dungeon Crawl Stone Soup version 0.28.0 (webtiles) character file.

Game seed: 12076607389665507316

7 cbfl8 the Sneak (level 1, -1/20 HPs)
             Began as a Minotaur Delver on Feb 13, 2022.
             Was an Initiate of Yredelemnul.
             Slain by an orc (3 damage)
             ... on level 4 of the Dungeon.
             The game lasted 00:00:57 (413 turns).

cbfl8 the Sneak (Minotaur Delver)                    Turns: 413, Time: 00:00:58

Health: -1/20      AC:  3    Str: 16    XL:     1   Next: 83%
Magic:  0/0        EV: 11    Int:  7    God:    Yredelemnul [......]
Gold:   55         SH:  0    Dex: 11    Spells: 0/0 levels left

rFire   . . .      SeeInvis .   a - +0 hand axe
rCold   . . .      Faith    .   (no shield)
rNeg    . . .      Spirit   .   b - +0 leather armour
rPois   .          Reflect  .   (helmet restricted)
rElec   .          Harm     .   (no cloak)
rCorr   .          Rampage  .   (no gloves)
Will    .....                   (no boots)
Stlth   ++........              (no amulet)
HPRegen 0.06/turn               (no ring)
MPRegen 0.07/turn               (no ring)

@: no status effects
A: horns 2, retaliatory headbutt
a: Renounce Religion, Recall Undead Harvest


You were on level 4 of the Dungeon.
You worshipped Yredelemnul.
Yredelemnul was noncommittal.
You visited 2 branches of the dungeon, and saw 3 of its levels.

You collected 55 gold pieces.

Inventory:

Hand Weapons
 a - a +0 hand axe (weapon)
Armour
 b - a +0 leather armour (worn)
Wands
 g - a wand of digging (3)
Scrolls
 c - a scroll of fog
 d - a scroll of magic mapping
 e - a scroll of fear
Potions
 f - a potion of haste


   Skills:
 + Level 3.8 Fighting
 + Level 2.4 Axes
 + Level 2.2 Dodging
 + Level 4.3 Stealth


You couldn't memorise any spells.
You didn't know any spells.
Your spell library was empty.

Dungeon Overview and Level Annotations

Branches:
Dungeon (5/15)             Temple (1/1) D:4

Altars:
Dithmenos
Fedhas
Gozag
Hepliaklqana
Kikubaaqudgha
Nemelex Xobeh
Qazlal
Trog
Vehumet
Yredelemnul
Zin
The Shining One


Innate Abilities, Weirdness & Mutations

You have a pair of horns on your head.
You reflexively headbutt those who attack you in melee.


Message History

Your hobgoblin zombie hits the jackal.
The jackal closely misses you.
You closely miss the jackal.
The jackal is severely wounded.
The jackal bites you.
Your hobgoblin zombie closely misses the jackal.
You slash the jackal!
You kill the jackal!
A black mist starts to gather...
A hobgoblin comes into view.
The hobgoblin hits you.
Your jackal zombie closely misses the hobgoblin.
The hobgoblin barely misses you.
You barely miss the hobgoblin. You headbutt the hobgoblin.
You kill the hobgoblin!
You swap places.
You start resting.
An orc comes into view. It is wielding a +0 dagger.
You swap places.
A stone appears from out of your range of vision.
The stone barely misses your hobgoblin zombie.
A stone appears from out of your range of vision.
The stone hits your hobgoblin zombie.
A stone appears from out of your range of vision.
The stone hits your hobgoblin zombie.
You now have 55 gold pieces (gained 12).
A stone appears from out of your range of vision.
The stone hits your hobgoblin zombie.
There are no items here.
You swap places.
The orc throws a stone.
The stone hits you.
The orc throws a stone.
The stone hits you. The orc hits you with a +0 dagger.
* * * LOW HITPOINT WARNING * * *
You barely miss the orc. Your headbutt misses the orc.
Your jackal zombie bites the orc but does no damage.
The orc hits you with a +0 dagger.
* * * LOW HITPOINT WARNING * * *
You closely miss the orc. Your headbutt misses the orc.
Your jackal zombie misses the orc.
The orc hits you with a +0 dagger.
You die...
Your body rises from the dead as a mindless zombie.

.# #########.# ...
.........# ...
#.......# ...
#.......# #..
#......#
#)####......##
####..#.........##
.........o@Z.....#
.o........Z......#
####....#...#....#
#....#.⌠.#....#
.#..###...###..#
...............#
......⌠..>..⌠...#
#...#............#
...#..###...###.##


You could see an orc (ally target), a friendly jackal zombie and a friendly
hobgoblin zombie.

Vanquished Creatures
  An endoplasm (D:4)
  A giant cockroach (D:4)
  2 hobgoblins (D:4)
  A jackal (D:4)
5 creatures vanquished.

Notes
Turn   | Place    | Note
-------+----------+-------------------------------------------
     0 | D:5      | cbfl8 the Minotaur Delver began the quest for the Orb.
     0 | D:5      | Reached XP level 1. HP: 19/19 MP: 0/0
    27 | D:4      | Found a staircase to the Ecumenical Temple.
    39 | Temple   | Entered the Ecumenical Temple
   284 | Temple   | Became a worshipper of Yredelemnul the Dark
   413 | D:4      | Slain by an orc

Illustrated notes

Levels and vault maps discovered:
D:4:      layout_rooms, minmay_temple_entry_junction_2, interstate_on_off,
          small_statue_intersection
D:5:      layout_basic, general_overflow_altar, kennysheep_mini_moat,
          serial_shops, shop, corner_web_ring
Temple:   chequers_temple_sunken

Action                   || total
-------------------------++-------
Melee: Hand axe          ||    17
       Headbutt          ||     2
Armor: Leather armour    ||     5
Dodge: Dodged            ||    13
